 Dungeon Crawl Stone Soup version 0.30.1-4-g462c640d31 (webtiles) character file.

Game seed: 17247330480066518728

174 Zeor the Slasher (level 5, -1/39 HPs)
             Began as a Demonspawn Gladiator on Aug 22, 2023.
             Succumbed to an orc wizard's poison
             ... on level 5 of the Dungeon.
             The game lasted 00:06:09 (1640 turns).

Zeor the Slasher (Demonspawn Gladiator)             Turns: 1640, Time: 00:06:09

Health: -1/39      AC:  4    Str: 14    XL:     5   Next: 28%
Magic:  1/5        EV: 13    Int:  9    God:
Gold:   96         SH:  0    Dex: 17    Spells: 4/4 levels left

rFire   . . .        a - +0 long sword
rCold   . . .        (no shield)
rNeg    . . .        b - +0 leather armour
rPois   .            c - +0 helmet
rElec   .            j - scarf {repulsion}
rCorr   .            (no gloves)
SInv    .            (no boots)
Will    .....        k - amulet of guardian spirit
Stlth   ++           (no ring)
HPRegen 0.26/turn    (no ring)
MPRegen 0.09/turn

%: repel missiles, guardian spirit
@: lethally poisoned (-1 -> -12)
A: hooves 2, ignite blood 1
a: no special abilities


You were on level 5 of the Dungeon.
You visited 1 branch of the dungeon, and saw 4 of its levels.

You collected 96 gold pieces.

Inventory:

Hand Weapons
 a - a +0 long sword (weapon)
Missiles
 d - 3 throwing nets (quivered)
 e - a javelin
Armour
 b - a +0 leather armour (worn)
 c - a +0 helmet (worn)
 j - a scarf of repulsion (worn)
Jewellery
 k - an amulet of guardian spirit (around neck)
Scrolls
 h - a scroll of butterflies
Potions
 g - a potion of resistance


   Skills:
 + Level 2.4 Fighting
 * Level 4.5 Long Blades
 + Level 1.8 Throwing
 + Level 1.1 Armour
 + Level 3.2 Dodging
 + Level 0.8 Stealth


You had 4 spell levels left.
You didn't know any spells.
Your spell library contained the following spells:

 Spells                   Type           Power      Damage    Failure   Level
 Beastly Appendage        Tmut           0%         N/A       45%         1
 Wereblood                Tmut           0%         N/A       58%         2
 Dazzling Flash           Conj/Hex       0%         N/A       83%         3
 Spider Form              Tmut/Pois      0%         N/A       83%         3
 Volatile Blastmotes      Fire/Tloc      0%         2d10      83%         3
 Iskenderun's Mystic Bla  Conj/Tloc      0%         2d3       99%         4
 Starburst                Conj/Fire      0%         6d3       100%        6
 Borgnjor's Revivificati  Necr           0%         N/A       100%        8
 Necromutation            Tmut/Necr      0%         N/A       100%        8
 Death's Door             Necr           0%         N/A       100%        9


Dungeon Overview and Level Annotations

Branches:
Dungeon (3/15)

Altars:
Xom

Shops:
D:1 :(*!

Annotations:
D:2 exclusion: goblin
D:5 2 transporters, hawla's ghost, novice MeFE


Innate Abilities, Weirdness & Mutations

You have hoof-like feet.
Your demonic aura sometimes causes spilled blood to erupt in flames.


Message History

Deactivating autopickup; reactivate with Ctrl-A.
It was a potion of curing.
You feel better.
The bullfrog hits you but does no damage.
The bullfrog barely misses you.
It was a potion of heal wounds.
You feel much better. The bullfrog closely misses you.
You hit the bullfrog but do no damage. Your kick misses the bullfrog.
You punch the bullfrog.
The bullfrog is lightly wounded.
The bullfrog hits you! The bullfrog hits you.
You slash the bullfrog!
The bullfrog is heavily wounded.
The bullfrog hits you. x2
You barely miss the bullfrog. Your kick misses the bullfrog.
The bullfrog is heavily wounded.
The bullfrog misses you.
Hawla's ghost whispers, "You will understand me better in a moment."
You barely miss the bullfrog.
The bullfrog is heavily wounded.
The bullfrog hits you.
Hawla's ghost wails, "You must not succeed where I failed!"
The bullfrog hits you but does no damage.
You slash the bullfrog!
The bullfrog is almost dead.
The bullfrog hits you! The bullfrog closely misses you.
You slash the bullfrog!
You kill the bullfrog!
A magic dart appears from out of thin air!
The magic dart hits you.
* * * LOW HITPOINT WARNING * * *
Your Armour skill increases to level 1!
You have reached level 5!
Your demonic ancestry asserts itself...
Your feet thicken and deform.
Something hits you.
* * * LOW HITPOINT WARNING * * *
You are lethally poisoned!
You see here a bullfrog corpse.
You miss something. You kick something!
You die...

▒▒∙∙ ∙∙∙ ∙∙∙ ▒ ∙∙▒
▒∙▒∙▒ ▒ ∙▒▒▒▒∙▒∙▒
▒▒∙▒ ▒∙∙∙∙∙∙{▒▒∙∙∙▒
▒6▒∙▒∙▒ ▒▒∙▒$∙▒
▒▒▒▒▒▒∙Ω▒y∙▒∙▒
∙∙∙∙∙∙∙∙▒[∙▒∙
▒▒>▒▒▒▒∙▒$▒∙▒ ▒∙▒
▒∙▒▒∙∙!▒ ▒)▒ ▒∙▒ ∙▒▒▒
▒▒▒▒▒▒▒▒▒▒∙▒ ▒∙▒▒∙∙
▒b∙∙∙∙∙∙∙∙∙▒▒▒▒∙▒▒▒∙▒


You could see a killer bee.

Vanquished Creatures
  A bullfrog (D:5)
  An orc priest (D:5)
  3 adders (D:2)
  A worm (D:2)
  2 orcs (D:5)
  7 endoplasms
  A giant cockroach (D:1)
  4 goblins
  7 hobgoblins
  4 jackals (D:2)
  3 quokkas
  A ball python (D:1)
  2 bats (D:2)
  A frilled lizard (D:2)
  3 kobolds
  2 rats
43 creatures vanquished.

Notes
Turn   | Place    | Note
-------+----------+-------------------------------------------
     0 | D:1      | Zeor the Demonspawn Gladiator began the quest for the Orb.
     0 | D:1      | Reached XP level 1. HP: 16/16 MP: 1/1
   118 | D:1      | Found Bielowa's Distillery.
   200 | D:1      | Reached skill level 3 in Long Blades
   200 | D:1      | Gained mutation: Your demonic aura sometimes causes spilled
                  | blood to erupt in flames. [demonic ancestry]
   200 | D:1      | Reached XP level 2. HP: 22/22 MP: 2/2
   280 | D:1      | Found Ceyw's Book Emporium.
   345 | D:1      | Found Laim's Assorted Antiques.
   411 | D:1      | Found Ywkel's Antique Weapon Shoppe.
   880 | D:2      | Gained mutation: You have large cloven feet. [demonic
                  | ancestry]
   880 | D:2      | Reached XP level 3. HP: 23/27 MP: 3/3
   941 | D:2      | Found a shimmering altar of Xom.
  1128 | D:2      | Reached XP level 4. HP: 18/33 MP: 4/4
  1589 | D:3      | You fall into a shaft and drop 2 floors!
  1589 | D:5      | Entered Level 5 of the Dungeon
  1602 | D:5      | Reached skill level 4 in Long Blades
  1616 | D:5      | Found a transporter.
  1622 | D:5      | Found a transporter.
  1623 | D:5      | Noticed hawla's ghost (novice MeFE)
  1624 | D:5      | Noticed a bullfrog
  1638 | D:5      | Killed a bullfrog
  1639 | D:5      | Reached skill level 1 in Armour
  1639 | D:5      | Gained mutation: You have hoof-like feet. [demonic
                  | ancestry]
  1639 | D:5      | Reached XP level 5. HP: 7/39 MP: 1/5
  1640 | D:5      | Succumbed to an orc wizard's poison

Illustrated notes

Levels and vault maps discovered:
D:1:      mushboom_english_gardens, layout_basic, serial_shops, shop,
          nicolae_shop_industrial_runoff, nicolae_shop_back_alley_shop, shop
D:2:      layout_basic, basic_altar, minmay_goblin_outpost
D:3:      layout_basic, mainiacjoe_overflow_small_starburst,
          hellmonk_ecumenical_altar_dog_temple
D:5:      layout_loops_ring, gammafunk_ghost_hive, minmay_misc_feat_rugged,
          hangedman_decor_slide_cut, minmay_bent

Skill      XL: |  1  2  3  4 |
---------------+-------------+-----
Long Blades    | 3 4 |  4.5
Dodging        | 3 |  3.2
Armour         | 1 |  1.1
Fighting       | |  2.4
Throwing       | |  1.8
Stealth        | |  0.8

Action                     |  1- 3 |  4- 6 || total
---------------------------+-------+-------++-------
  Melee: Long sword        |   106 |    27 ||   133
         Kick              |    12 |     4 ||    16
         Punch             |     1 |     1 ||     2
    Use: Scroll            |     2 |     1 ||     3
         Potion            |       |     2 ||     2
   Stab: Sleeping          |       |     2 ||     2
 Armour: Leather armour    |    38 |     6 ||    44
  Dodge: Dodged            |    71 |    24 ||    95
